AoeStats
← deibergu17

Arena

510518973Analyzed
1v1 RM · 1d ago on Oct 1, 2026· 67m 34s· 2 players
Game mode
Random Map
Map size
Tiny (2 player)
Population
200
Speed
Normal
Resources
Standard
Victory
Conquest
Starting age
Dark Age
Ending age
Imperial Age
RankedLock teamsTeams togetherTeam positionsShared explorationLock speedFull tech treeHidden civsTurbo modeCheats
Victory
Defeat
🇩🇪 Lithuanians · Germany
1083
+14
🇪🇸 Malay · Spain
1042
-14
Codex Cumanicus
8:18 Loom
11:05 Feudal Age
15:42 Castle Age
13:55 Double-Bit Axe
14:18 Horse Collar
15:37 Gold Mining
21:00 Bloodlines
20:51 Husbandry
22:41 Heavy Plow
23:59 Scale Barding Armor
25:12 Wheelbarrow
25:15 Chain Barding Armor
24:56 Fletching
25:34 Town Watch
27:35 Forging
27:21 Bodkin Arrow
28:23 Stone Mining
29:02 Bow Saw
29:47 Iron Casting
35:04 Imperial Age
35:31 Elite Leitis
37:22 Plate Barding Armor
38:27 Conscription
40:35 Crop Rotation
40:24 Hand Cart
43:35 Bracer
43:36 Padded Archer Armor
43:59 Ballistics
44:40 Chemistry
43:31 Elite Skirmisher
44:14 Tower Shields
47:37 Leather Archer Armor
49:41 Ring Archer Armor
50:25 Thumb Ring
51:18 Masonry
64:39 Scale Mail Armor
64:02 Pikeman
64:43 Squires
64:28 Arson
64:51 Halberdier
65:50 Chain Mail Armor
deibergu17
12:32 Feudal Age
13:00 Loom
16:11 Castle Age
14:43 Loom
22:31 Horse Collar
22:49 Gold Mining
24:48 Squires
25:33 Scale Barding Armor
25:41 Forging
27:16 Iron Casting
26:12 Pikeman
27:31 Double-Bit Axe
33:22 Imperial Age
32:11 Halberdier
33:50 Heavy Plow
34:47 Scale Barding Armor
35:45 Blast Furnace
34:36 Fletching
35:18 Bow Saw
35:39 Murder Holes
36:06 Ballistics
37:28 Chemistry
37:10 Wheelbarrow
37:17 Conscription
37:37 Padded Archer Armor
38:20 Bodkin Arrow
38:40 Leather Archer Armor
43:26 Bracer
43:56 Ring Archer Armor
46:58 Crop Rotation
46:25 Elite Karambit Warrior
49:11 Light Cavalry
49:52 Husbandry
51:32 Scale Barding Armor
54:24 Cavalier
59:04 Elite Battle Elephant
Connection lost

Rejoining the realm…

Still unreachable

The connection could not be restored.

Session expired

The server has moved on; the page needs a fresh start.